 Dungeon Crawl Stone Soup version 0.31-a0-220-gc2f4f3cf83 (webtiles) character file.

Game seed: 12483544297646199134

42 qw the Shooter (level 3, 0/29 HPs)
             Began as a Minotaur Hexslinger on July 3, 2023.
             Succumbed to an adder's poison
             ... on level 2 of the Dungeon.
             The game lasted 00:00:29 (1021 turns).

qw the Shooter (Minotaur Hexslinger)                Turns: 1021, Time: 00:00:29

Health: 0/29       AC:  2    Str: 11 (12) XL:     3   Next: 33%
Magic:  3/3        EV: 12    Int:  8 (10) God:
Gold:   125        SH:  0    Dex: 12 (14) Spells: 3/4 levels left

rFire   . . .        Y - +1 sling
rCold   . . .        (no shield)
rNeg    . . .        c - +0 robe
rPois   .            (helmet restricted)
rElec   .            (no cloak)
rCorr   .            (no gloves)
SInv    .            (no boots)
Will    .....        (no amulet)
Stlth   +            (no ring)
HPRegen 0.24/turn    (no ring)
MPRegen 0.08/turn

%: no passive effects
@: lethally poisoned (0 -> -12)
A: horns 2, retaliatory headbutt
a: no special abilities


You were on level 2 of the Dungeon.
You visited 1 branch of the dungeon, and saw 2 of its levels.

You collected 125 gold pieces.


Innate Abilities, Weirdness & Mutations

You have a pair of horns on your head.
You reflexively headbutt those who attack you in melee.


   Skills:
 - Level 2.0 Fighting
 + Level 3.9 Ranged Weapons
 - Level 2.1 Dodging
 - Level 1.0 Spellcasting
 - Level 2.0 Hexes


You had 3 spell levels left.
You knew the following spells:

 Your Spells              Type           Power      Damage    Failure   Level
a - Slow                  Hex            12%        N/A       17%         1

Your spell library contained the following spells:

 Spells                   Type           Power      Damage    Failure   Level
 Inner Flame              Hex/Fire       2%         N/A       61%         3
 Portal Projectile        Hex/Tloc       4%         N/A       61%         3
 Cause Fear               Hex            1%         N/A       86%         4

Inventory:

Hand Weapons
 Y - a +1 sling (weapon)
Armour
 c - a +0 robe (worn)
Scrolls
 b - a scroll of acquirement {unknown}
Potions
 a - 2 potions of haste {unknown}

Dungeon Overview and Level Annotations

Branches:
Dungeon (2/15)

Altars:


Message History

You shoot a sling bullet. The sling bullet hits the adder.
The adder is severely wounded.
The adder barely misses you. x2
You shoot a sling bullet. The sling bullet misses the adder.
The sling bullet hits the hobgoblin.
You kill the hobgoblin!
An endoplasm comes into view.
The adder closely misses you. You furiously retaliate!
You headbutt the adder. You shoot a sling bullet.
The sling bullet closely misses the adder.
The endoplasm quivers.
The adder bites you.
You are poisoned.
The adder poisons you! The adder bites you.
You are more poisoned.
The adder poisons you!
You shoot a sling bullet. The sling bullet misses the adder.
You feel very sick. The adder bites you but does no damage.
The adder bites you.
You are lethally poisoned!
The adder poisons you!
You shoot a sling bullet.
The sling bullet closely misses the adder.
You feel very sick. The adder barely misses you.
You shoot a sling bullet.
The sling bullet barely misses the adder.
You feel very sick.
You hear a shout!
The adder bites you but does no damage. The adder misses you.
A goblin comes into view. It is wielding a +0 club.
You shoot a sling bullet.
The sling bullet closely misses the adder.
You feel very sick. The adder bites you.
You are more poisoned.
The adder poisons you! The endoplasm hits you.
You shoot a sling bullet. The sling bullet hits the adder.
You kill the adder!
You die...

. ..# . )># .##..# #.
#.... #.### ##?.. #
#.#..#...#.# #
..##...[..# #.#.
#.###@# #.#.###
..###..gJ.# #.# ..#
..........# #.# #.#
###.##.#### ##.###.##
#.#.....# ##...#...##
#..%###.####.....#.#.##
###.# #................
#.###.####.....#.#.##
#.....# ##...#......


You could see an endoplasm and a goblin.

Vanquished Creatures
  An adder (D:2)
  2 dart slugs (D:1)
  2 endoplasms (D:1)
  A giant cockroach (D:1)
  5 goblins
  4 hobgoblins
  3 jackals (D:2)
  4 ball pythons
  5 bats
  4 frilled lizards
  3 kobolds
  A rat (D:2)
35 creatures vanquished.

Notes
Turn   | Place    | Note
-------+----------+-------------------------------------------
     0 | D:1      | qw the Minotaur Hexslinger began the quest for the Orb.
     0 | D:1      | Reached XP level 1. HP: 16/16 MP: 1/1
     0 | D:1      | 0 ||| qw: Version: 0.3-a-40-ge99b1a8
     0 | D:1      | 0 ||| qw: Game counter: 488
     0 | D:1      | 0 ||| qw: Melee chars always use a shield: true
     0 | D:1      | 0 ||| qw: God list: Okawaru
     0 | D:1      | 0 ||| qw: Allow faded altars: false
     0 | D:1      | 0 ||| qw: Do Orc after clearing Dungeon:15 true
     0 | D:1      | 0 ||| qw: Do second Lair branch before Depths: true
     0 | D:1      | 0 ||| qw: Lair rune preference: random
     0 | D:1      | 0 ||| qw: Goals: Normal
     0 | D:1      | 0 ||| PLANNING D:1-11
   114 | D:1      | 114 ||| Stepping ~*~*~tactically~*~*~ (water).
   116 | D:1      | 116 ||| FLEEEEING.
   117 | D:1      | 117 ||| FLEEEEING.
   118 | D:1      | 118 ||| FLEEEEING.
   119 | D:1      | 119 ||| FLEEEEING.
   172 | D:1      | Reached skill level 3 in Ranged Weapons
   212 | D:1      | Reached XP level 2. HP: 23/23 MP: 2/2
   476 | D:1      | 476 ||| READING scroll labelled XOAMIL ERAXUA.
   477 | D:1      | 477 ||| READING 3 scrolls labelled ONWUPR XIREAMN.
   478 | D:1      | 478 ||| READING scroll labelled HUQ UZEUSIL.
   479 | D:1      | 479 ||| READING scroll labelled MIM IFYRYWKI.
   480 | D:1      | 480 ||| READING scroll labelled XEYN KE UPI.
   481 | D:1      | 481 ||| DRINKING 2 blue potions.
   482 | D:1      | 482 ||| DROPPING scroll of poison.
   483 | D:1      | 483 ||| DROPPING 2 scrolls of immolation.
   484 | D:1      | 484 ||| DROPPING potion of degeneration.
   531 | D:2      | 531 ||| FLEEEEING.
   536 | D:2      | 536 ||| FLEEEEING.
   537 | D:2      | 537 ||| FLEEEEING.
   538 | D:2      | 538 ||| FLEEEEING.
   559 | D:2      | Found a faded altar of an unknown god.
   623 | D:2      | Reached XP level 3. HP: 22/29 MP: 3/3
  1020 | D:2      | HP: 6/29 [poisoned by an adder]
  1021 | D:2      | Succumbed to an adder's poison

Levels and vault maps discovered:
D:1:      dpeg_arrival_rhombi, layout_rooms, chequers_serial_rivers_marsh,
          minivault_23
D:2:      layout_loops_ring, chequers_ecumenical_altar_simple_redux,
          chequers_arboretum, kennysheep_nondescript,
          minmay_misc_feat_diagonals, minmay_pentomino_pile

Skill      XL: |  1  2 |
---------------+-------+-----
Ranged Weapons | 3 |  3.9
Fighting       | 2 |  2.0
Dodging        | |  2.1
Spellcasting   | |  1.0
Hexes          | |  2.0

Action                     || total
---------------------------++-------
   Fire: Sling             ||    94
    Use: Scroll            ||     5
         Potion            ||     1
 Armour: Robe              ||    11
  Dodge: Dodged            ||    28

Table legend:
 A = Non-vault XP
 B = Vault XP
 C = Vault XP percentage of total XP
 D = Non-vault monster count
 E = Vault monster count
 F = Vault count percentage of total count
                 A         B        C        D         E       F
            +---------+---------+-------+---------+---------+-------
      Total |      56 |      17 |  23.3 |      31 |       4 |  11.4
            +---------+---------+-------+---------+---------+-------
        D:1 |      24 |       0 |   0.0 |      13 |       0 |   0.0
        D:2 |      32 |      17 |  34.7 |      18 |       4 |  18.2
            +---------+---------+-------+---------+---------+-------
